 Dungeon Crawl Stone Soup version 0.31-a0-232-gb1c03b2570 (webtiles) character file.

Game seed: 14025697165797344216

159 qw the Shooter (level 5, 0/30 HPs)
             Began as a Gargoyle Hexslinger on July 7, 2023.
             Blown up by Ijyb (3 damage)
             ... with a mindburst bolt
             ... on level 3 of the Dungeon.
             The game lasted 00:01:00 (1604 turns).

qw the Shooter (Gargoyle Hexslinger)                Turns: 1604, Time: 00:01:01

Health: 0/30       AC: 16    Str: 16    XL:     5   Next: 40%
Magic:  6/6        EV: 11    Int: 13    God:
Gold:   76         SH:  0    Dex: 14    Spells: 5/6 levels left

rFire   . . .        Y - +2 sling
rCold   x . .        (no shield)
rNeg    + . .        h - +3 leather armour "Cocott" {+Blink rC- Str+4}
rPois   inf          a - +2 helmet
rElec   +            j - +0 cloak
rCorr   .            e - +0 pair of gloves
SInv    .            f - +0 pair of boots
Will    .....        (no amulet)
Stlth   +            (no ring)
HPRegen 0.25/turn    (no ring)
MPRegen 0.10/turn

%: no passive effects
@: no status effects
A: sickness immunity, AC +4, negative energy resistance 1, electricity
resistance, torment resistance 1, petrification resistance
a: Evoke Blink


You were on level 3 of the Dungeon.
You visited 1 branch of the dungeon, and saw 3 of its levels.

You collected 76 gold pieces.


Innate Abilities, Weirdness & Mutations

You are immune to sickness and miasma.
Your stone body is resilient. (AC +4)
You are immune to poison.
You resist negative energy. (rN+)
You are resistant to electric shocks. (rElec)
You are resistant to unholy torment.
You are immune to petrification.


   Skills:
 - Level 2.0 Fighting
 + Level 4.8 Ranged Weapons
 - Level 1.8 Armour
 - Level 1.5 Dodging
 - Level 1.0 Spellcasting
 - Level 2.6 Hexes


You had 5 spell levels left.
You knew the following spells:

 Your Spells              Type           Power      Damage    Failure   Level
a - Slow                  Hex            28%        N/A       12%         1

Your spell library contained the following spells:

 Spells                   Type           Power      Damage    Failure   Level
 Inner Flame              Hex/Fire       4%         N/A       52%         3
 Portal Projectile        Hex/Tloc       8%         N/A       52%         3
 Cause Fear               Hex            3%         N/A       75%         4

Inventory:

Hand Weapons
 Y - a +2 sling (weapon)
Armour
 a - a +2 helmet (worn)
 e - a +0 pair of gloves (worn)
 f - a +0 pair of boots (worn)
 h - the +3 leather armour "Cocott" (worn) {+Blink rC- Str+4}
   (You found it on level 2 of the Dungeon)

   Str:       It affects your strength (+4).
   rC:        It makes you vulnerable to cold.
   +Blink:    It lets you blink.
 j - a +0 cloak (worn)
Scrolls
 b - a scroll of identify
 l - a scroll of fog {unknown}
Potions
 c - a potion of berserk rage {unknown}
 d - a potion of enlightenment {unknown}
 g - a potion of mutation {unknown}
 i - a potion of curing {unknown}
 k - a potion of resistance {unknown}
 m - a potion of might {unknown}

Dungeon Overview and Level Annotations

Branches:
Dungeon (3/15)

Altars:
Xom

Shops:
D:2 ((([

Annotations:
D:3 Ijyb


Message History

Ijyb is moderately wounded.
Ijyb hits you with a +0 club.
You shoot a sling bullet. The sling bullet closely misses Ijyb.
Ijyb zaps a wand.
Your mind is blasted!
Ouch! That really hurt!
Ijyb zaps a wand.
You barely resist. You shoot a sling bullet.
The sling bullet closely misses Ijyb.
Ijyb screams, "You nasty!
Big nasty!"
Ijyb hits you but does no damage.
You shoot a sling bullet.
The sling bullet hits Ijyb but does no damage.
Ijyb is moderately wounded.
Ijyb closely misses you.
You shoot a sling bullet. The sling bullet hits Ijyb.
Ijyb is moderately wounded.
Ijyb completely misses you.
You shoot a sling bullet.
The sling bullet hits Ijyb but does no damage.
Ijyb is moderately wounded.
Ijyb hits you with a +0 club.
You shoot a sling bullet. The sling bullet barely misses Ijyb.
Ijyb hits you but does no damage.
Ijyb zaps a wand.
Your mind is blasted!
You shoot a sling bullet.
The sling bullet hits Ijyb but does no damage.
Ijyb is moderately wounded.
Ijyb completely misses you.
You shoot a sling bullet. The sling bullet hits Ijyb.
Ijyb is heavily wounded.
Ijyb closely misses you.
You shoot a sling bullet. The sling bullet closely misses Ijyb.
Ijyb barely misses you.
You shoot a sling bullet.
The sling bullet hits Ijyb but does no damage.
Ijyb is heavily wounded.
Ijyb barely misses you.
You shoot a sling bullet. The sling bullet barely misses Ijyb.
Ijyb hits you but does no damage.
You shoot a sling bullet. The sling bullet closely misses Ijyb.
Ijyb hits you but does no damage.
Ijyb zaps a wand.
Your mind is blasted!
You die...

######## #._.#
##.....'######...#
...#####...#.###.#
.......#.#.#....##
.#######.#...##.#
.# #.##...#.# .#
#....#.#.# .#
.###.#...## .. .
######@# .# . #g#
.# ..# ####


You could see Ijyb.

Vanquished Creatures
  An orc priest (D:3)
  Robin (D:2)
  3 gnolls (D:2)
  2 adders (D:2)
  2 dart slugs (D:1)
  4 orcs
  2 ball pythons
  3 bats
  3 endoplasms
  5 giant cockroaches
  12 goblins
  7 hobgoblins
  3 quokkas
  2 frilled lizards (D:1)
  6 kobolds
  5 rats
61 creatures vanquished.

Notes
Turn   | Place    | Note
-------+----------+-------------------------------------------
     0 | D:1      | qw the Gargoyle Hexslinger began the quest for the Orb.
     0 | D:1      | Reached XP level 1. HP: 12/12 MP: 2/2
     0 | D:1      | 0 ||| qw: Version: 0.3-a-46-gb1f654a
     0 | D:1      | 0 ||| qw: Game counter: 2774
     0 | D:1      | 0 ||| qw: Melee chars always use a shield: true
     0 | D:1      | 0 ||| qw: God list: Okawaru
     0 | D:1      | 0 ||| qw: Allow faded altars: false
     0 | D:1      | 0 ||| qw: Do Orc after clearing Dungeon:15 true
     0 | D:1      | 0 ||| qw: Do second Lair branch before Depths: true
     0 | D:1      | 0 ||| qw: Lair rune preference: random
     0 | D:1      | 0 ||| qw: Goals: Normal
     0 | D:1      | 0 ||| PLANNING D:1-11
    97 | D:1      | Reached XP level 2. HP: 16/16 MP: 3/3
   146 | D:1      | Reached skill level 3 in Ranged Weapons
   310 | D:1      | Reached XP level 3. HP: 17/21 MP: 4/4
   646 | D:1      | 646 ||| UPGRADING to +0 pair of gloves.
   651 | D:1      | 651 ||| READING scroll labelled KED LUOSAENY.
   652 | D:1      | 652 ||| READING scroll labelled YSEEN HUAFAMI.
   653 | D:1      | 653 ||| READING scroll labelled ZAYDIA ATHE.
   654 | D:1      | 654 ||| DROPPING scroll of poison.
   687 | D:2      | Found a faded altar of an unknown god.
   708 | D:2      | Found Ixol's Armour Emporium.
   717 | D:2      | Identified the +3 leather armour "Cocott" {+Blink rC-
                  | Str+4}
   720 | D:2      | 720 ||| SHOPLISTING +0 pair of gloves of Past Mistakes
                  | {Str+4 SInv} (337 gold, have 39).
   720 | D:2      | 720 ||| SHOPLISTING +0 ring mail "Gihen" {SInv} (212 gold,
                  | have 39).
   720 | D:2      | 720 ||| SHOPLISTING +1 helmet of intelligence (231 gold,
                  | have 39).
   757 | D:2      | Reached XP level 4. HP: 26/26 MP: 5/5
   771 | D:2      | Reached skill level 4 in Ranged Weapons
   901 | D:2      | Found Leafoul's Weapon Shoppe.
   901 | D:2      | Found Figethrau's Weapon Emporium.
  1033 | D:2      | Found Figitt's Weapon Shop.
  1102 | D:2      | 1102 ||| UPGRADING to +0 leather armour.
  1112 | D:2      | 1112 ||| DROPPING +0 robe.
  1113 | D:2      | 1113 ||| UPGRADING to +3 leather armour "Cocott" {+Blink
                  | rC- Str+4}.
  1123 | D:2      | 1123 ||| DROPPING +0 leather armour.
  1124 | D:2      | 1124 ||| UPGRADING to +0 cloak.
  1129 | D:2      | 1129 ||| READING scroll labelled OCYUPN LAZUUX.
  1130 | D:2      | 1130 ||| READING scroll labelled EFFIWKO YMAFFA.
  1135 | D:2      | 1135 ||| READING scroll labelled SIVOVA ERRERCHE.
  1136 | D:2      | 1136 ||| READING 2 scrolls labelled CUMIEDD IJABB.
  1137 | D:2      | 1137 ||| DRINKING 2 emerald potions.
  1138 | D:2      | 1138 ||| DROPPING potion of brilliance.
  1139 | D:2      | 1139 ||| DROPPING scroll of fear.
  1155 | D:3      | Noticed Robin
  1160 | D:3      | 1160 ||| STAIRDANCE
  1173 | D:2      | HP: 5/26 [hobgoblin[Robin] (3)]
  1264 | D:3      | 1264 ||| STAIRDANCE
  1286 | D:3      | 1286 ||| STAIRDANCE
  1290 | D:2      | Killed Robin
  1314 | D:2      | 1314 ||| UPGRADING to +2 helmet.
  1394 | D:3      | Reached XP level 5. HP: 30/30 MP: 6/6
  1458 | D:3      | Reached skill level 1 in Armour
  1460 | D:3      | 1460 ||| FLEEEEING.
  1461 | D:3      | 1461 ||| FLEEEEING.
  1462 | D:3      | 1462 ||| FLEEEEING.
  1463 | D:3      | 1463 ||| FLEEEEING.
  1464 | D:3      | 1464 ||| FLEEEEING.
  1465 | D:3      | 1465 ||| FLEEEEING.
  1467 | D:3      | 1467 ||| FLEEEEING.
  1468 | D:3      | 1468 ||| FLEEEEING.
  1469 | D:3      | 1469 ||| FLEEEEING.
  1470 | D:3      | 1470 ||| FLEEEEING.
  1471 | D:3      | 1471 ||| FLEEEEING.
  1472 | D:3      | 1472 ||| FLEEEEING.
  1473 | D:3      | 1473 ||| FLEEEEING.
  1474 | D:3      | 1474 ||| FLEEEEING.
  1475 | D:3      | 1475 ||| FLEEEEING.
  1476 | D:3      | 1476 ||| FLEEEEING.
  1477 | D:3      | 1477 ||| FLEEEEING.
  1478 | D:3      | 1478 ||| STAIRDANCE
  1499 | D:2      | 1499 ||| UPGRADING to +0 pair of boots.
  1511 | D:3      | 1511 ||| STAIRDANCE
  1579 | D:3      | Found a shimmering altar of Xom.
  1585 | D:3      | Noticed Ijyb
  1593 | D:3      | HP: 5/30 [disintegration (15)]
  1598 | D:3      | HP: 2/30 [disintegration (3)]
  1604 | D:3      | Blown up by Ijyb

Levels and vault maps discovered:
D:1:      amcnicky_arrival_underground_garden, layout_loops_ring
D:2:      layout_basic, basic_ecumenical_altar, serial_shops, shop, shop,
          nicolae_shop_bloodbath_and_beyond, shop
D:3:      layout_loops_ring, mainiacjoe_overflow_paths,
          mainiacjoe_overflow_swirl, serial_shops,
          nicolae_shop_pleasant_corner_grove, uniq_robin, uniq_ijyb

Skill      XL: |  1  2  3  4  5 |
---------------+----------------+-----
Ranged Weapons | 3 4 |  4.8
Fighting       | 2 |  2.0
Armour         | 1 |  1.8
Dodging        | |  1.5
Spellcasting   | |  1.0
Hexes          | |  2.6

Action                     |  1- 3 |  4- 6 || total
---------------------------+-------+-------++-------
   Fire: Sling             |    96 |   144 ||   240
    Use: Scroll            |     3 |     4 ||     7
         Potion            |       |     1 ||     1
 Armour: Robe              |    17 |     7 ||    24
         Leather armour    |       |    74 ||    74
  Dodge: Dodged            |    33 |    87 ||   120

Table legend:
 A = Non-vault XP
 B = Vault XP
 C = Vault XP percentage of total XP
 D = Non-vault monster count
 E = Vault monster count
 F = Vault count percentage of total count
                 A         B        C        D         E       F
            +---------+---------+-------+---------+---------+-------
      Total |     195 |      33 |  14.5 |      50 |      11 |  18.0
            +---------+---------+-------+---------+---------+-------
        D:1 |      45 |       0 |   0.0 |      24 |       0 |   0.0
        D:2 |      88 |      30 |  25.4 |      15 |       9 |  37.5
        D:3 |      62 |       3 |   4.6 |      11 |       2 |  15.4
            +---------+---------+-------+---------+---------+-------
